 Dungeon Crawl Stone Soup version 0.25.1-2-g60ff931df9 (webtiles) character file.

Game seed: 2238220173789660868

422 pokeman the Magician (level 6, 0/34 HPs)
             Began as a Deep Elf Wizard on Oct 23, 2020.
             Killed by nerve-wracking pain
             ... invoked by Grinder
              (11 damage)
             ... on level 4 of the Dungeon.
             The game lasted 00:09:41 (4740 turns).

pokeman the Magician (Deep Elf Wizard)              Turns: 4740, Time: 00:09:42

Health: 0/34       AC:  7    Str: 10    XL:     6   Next: 63%
Magic:  8/17       EV: 27    Int: 25    God:
Gold:   131        SH:  0    Dex: 13    Spells: 7/18 levels left

rFire    . . .     SeeInvis .   z - +1 dagger (drain)
rCold    . . .     Gourm    .   (no shield)
rNeg     . . .     Faith    .   u - +0 leather armour
rPois    .         Spirit   .   b - +0 hat
rElec    .         Reflect  .   s - +0 cloak
rCorr    .         Harm     .   (no gloves)
MR       .....     Rnd*Tele +   t - +2 pair of boots
Stlth    ++........             j - amulet of the acrobat
HPRegen  0.11/turn              g - +6 ring of strength
MPRegen  0.15/turn              A - ring of teleportation (curse)

@: acrobat
A: no striking features
a: no special abilities


You were on level 4 of the Dungeon.
You were not hungry.

You visited 1 branch of the dungeon, and saw 4 of its levels.

You collected 131 gold pieces.

Inventory:

Hand Weapons
 z - a +1 dagger of draining (weapon)
Missiles
 p - 21 bolts
Armour
 b - a +0 hat (worn)
 s - a +0 cloak (worn)
 t - a +2 pair of boots (worn)
 u - a +0 leather armour (worn)
 y - a +2 buckler
Jewellery
 g - a +6 ring of strength (left hand)
 j - an amulet of the acrobat (around neck)
 A - a cursed ring of teleportation (right hand)
Wands
 r - a wand of acid (9)
Scrolls
 a - a scroll of fog {unknown}
 c - 2 scrolls of identify {unknown}
 e - 3 scrolls of remove curse {unknown}
 f - a scroll of immolation {unknown}
 l - a scroll of blinking {unknown}
 m - 3 scrolls of teleportation {unknown}
 o - a scroll of random uselessness {unknown}
Potions
 h - a potion of might {unknown}
 i - 2 potions of degeneration {unknown}
 k - a potion of invisibility {unknown}
 n - a potion of curing {unknown}
 q - 2 potions of lignification {unknown}
 v - a potion of haste {unknown}
 x - a potion of heal wounds {unknown}
Comestibles
 d - 9 rations


   Skills:
 - Level 1.0 Fighting
 - Level 1.0 Armour
 - Level 2.4 Dodging
 - Level 2.4 Stealth
 + Level 1.3 Shields
 * Level 6.9 Spellcasting
 * Level 4.2 Conjurations
 - Level 1.1 Summonings
 - Level 1.1 Translocations
 + Level 1.1 Fire Magic
 - Level 1.0 Air Magic
 - Level 1.0 Poison Magic
 - Level 1.0 Evocations


You had 7 spell levels left.
You knew the following spells:

 Your Spells              Type           Power        Failure   Level  Hunger
a - Magic Dart            Conj           ####         1%          1    None
b - Mephitic Cloud        Conj/Pois/Air  ###.....     12%         3    None
c - Call Imp              Summ           ##......     9%          2    None
d - Blink                 Tloc           N/A          9%          2    None
e - Conjure Flame         Conj/Fire      ###.....     10%         3    None

Your spell library contained the following spells:

 Spells                   Type           Power        Failure   Level  Hunger
 Slow                     Hex            #.......     14%         2    None


Dungeon Overview and Level Annotations

Branches:
Dungeon (4/15)
 Temple: D:4-7

Altars:
Ru
Trog

Annotations:
D:4 Grinder


Message History

The orc shouts! x2
An orc comes into view. It is wielding a +0 club.
An orc comes into view. It is wielding a +0 dagger.
A worker ant comes into view.
The orc hits you but does no damage.
You closely miss the orc. The orc barely misses you.
The worker ant twitches its antennae in your direction.
The orc shouts!
You hit the orc. You drain the orc.
You kill the orc!
You completely miss the orc. The orc closely misses you.
You hit the orc.
The orc is moderately wounded.
The orc misses you.
Casting: Magic Dart (safe; 1% risk of failure)
Confirm with . or Enter, or press ? or * to list all spells.
You blink.
Grinder gestures at you. Pain shoots through your body!
You die...

#.......#
#........
#.......#
.......
#.......#
+....)..#
#.......#
#.......#
###'##### #.#
#@# #.#
#.#######.###
#.5..oa.oo...
#########.###


You could see Grinder.

Vanquished Creatures
  An ogre (D:4)
  2 orc priests (D:3)
  2 orc wizards
  A worker ant (D:4)
  8 adders
  2 oozes
  An adder skeleton (D:4)
  3 worms
  3 dart slugs
  10 orcs
  9 bats
  7 giant cockroaches
  6 hobgoblins
  6 kobolds
  3 quokkas
  A ball python (D:1)
  A ball python skeleton (D:4)
  8 frilled lizards
  15 goblins
  10 rats
99 creatures vanquished.

Notes
Turn   | Place    | Note
-------+----------+-------------------------------------------
     0 | D:1      | pokeman the Deep Elf Wizard began the quest for the Orb.
     0 | D:1      | Reached XP level 1. HP: 10/10 MP: 7/7
   163 | D:1      | Reached XP level 2. HP: 16/16 MP: 0/9
   581 | D:1      | Reached skill level 5 in Spellcasting
   800 | D:1      | Reached XP level 3. HP: 20/20 MP: 8/11
   805 | D:1      | Learned a level 3 spell: Mephitic Cloud
   808 | D:1      | Learned a level 2 spell: Call Imp
   811 | D:1      | Learned a level 2 spell: Blink
   815 | D:1      | Learned a level 3 spell: Conjure Flame
  1283 | D:2      | Reached skill level 1 in Armour
  1350 | D:2      | Reached skill level 1 in Fighting
  1530 | D:2      | Reached XP level 4. HP: 19/25 MP: 7/13
  2243 | D:2      | Found a bloodstained altar of Trog.
  3008 | D:3      | Noticed Grinder
  3012 | D:3      | Paralysed by Grinder for 5 turns
  3290 | D:3      | Reached skill level 1 in Shields
  3290 | D:3      | Reached skill level 6 in Spellcasting
  3290 | D:3      | Reached skill level 1 in Fire Magic
  3290 | D:3      | Reached XP level 5. HP: 25/29 MP: 8/15
  3948 | D:4      | Reached XP level 6. HP: 31/34 MP: 9/17
  3958 | D:4      | Reached skill level 1 in Poison Magic
  4044 | D:4      | Reached skill level 1 in Air Magic
  4359 | D:4      | Found a sacrificial altar of Ru.
  4703 | D:4      | Paralysed by Grinder for 7 turns
  4712 | D:4      | Reached skill level 1 in Evocations
  4740 | D:4      | Killed from afar by Grinder

Illustrated notes

Levels and vault maps discovered:
D:1:      nzn_arrival_water_spiral, layout_loops_ring, minmay_misc_feat_square
D:2:      minmay_skewed_foursquare, layout_basic, bloody_trog,
          minmay_misc_feat_chi, minmay_bisected
D:3:      layout_loops_ring, uniq_grinder
D:4:      layout_basic, nicolae_ru_awakened_eye, first_ration, st_stairs_8,
          uniq_pikel

Skill      XL: |  1  2  3  4  5  6 |
---------------+-------------------+-----
Spellcasting   | 5 6 |  6.9
Conjurations   | 2 3 4 |  4.2
Armour         | 1 |  1.0
Fighting       | 1 |  1.0
Shields        | 1 |  1.3
Fire Magic     | 1 |  1.1
Poison Magic   | 1 |  1.0
Air Magic      | 1 |  1.0
Evocations     | 1 |  1.0
Dodging        | |  2.4
Stealth        | |  2.4
Summonings     | |  1.1
Translocations | |  1.1

Action                   |  1- 3 |  4- 6 || total
-------------------------+-------+-------++-------
Melee: Unarmed           |       |     3 ||     3
       Dagger            |       |     4 ||     4
 Cast: Magic Dart        |    90 |   167 ||   257
       Mephitic Cloud    |       |     3 ||     3
       Conjure Flame     |       |     2 ||     2
       Blink             |       |     2 ||     2
  Eat: Chunk             |     2 |     9 ||    11
Armor: Robe              |     2 |     1 ||     3
       Leather armour    |       |     8 ||     8
Dodge: Dodged            |    11 |    12 ||    23
